AoeStats
← Oldspice

Arena

504646366Analyzed
4v4 RM · 26d ago on Sep 6, 2026· 35m 41s· 8 players
Game mode
Random Map
Map size
Large (8 player)
Population
200
Speed
Normal
Resources
Standard
Victory
Conquest
Starting age
Dark Age
Ending age
Imperial Age
RankedLock teamsTeams togetherTeam positionsShared explorationLock speedFull tech treeHidden civsTurbo modeCheats
Victory
Defeat
🇵🇪 Gurjaras · Peru
1728
+10
🇨🇳 Poles · China
1621
+14
🇨🇱 Persians · Chile
1580
+16
🇹🇼 Portuguese · Taiwan
1541
+18
🇵🇹 Britons · Portugal
1636
-17
🇲🇽 Persians · Mexico
1597
-15
🇹🇼 Khmer · Taiwan
1549
-13
🇺🇸 Bohemians · United States
1540
-13
Oldspice
10:58 Feudal Age
9:55 Loom
13:01 Fletching
18:47 Double-Bit Axe
19:34 Scale Mail Armor
33:57 Castle Age
Combi l BU
11:04 Feudal Age
11:46 Double-Bit Axe
11:44 Horse Collar
14:46 Castle Age
16:24 Bow Saw
22:52 Wheelbarrow
23:38 Hand Cart
27:54 Imperial Age
26:27 Scale Barding Armor
26:09 Loom
26:42 Heavy Plow
27:59 Chain Barding Armor
29:15 Plate Barding Armor
28:38 Stone Mining
28:41 Gold Mining
29:52 Two-Man Saw
29:25 Crop Rotation
33:30 Bloodlines
33:21 Husbandry
33:45 Forging
33:21 Cavalier
34:08 Devotion
33:32 Light Cavalry
34:25 Hussar
35:45 Iron Casting
35:55 Faith
Kold
8:37 Loom
11:03 Feudal Age
16:10 Castle Age
15:00 Double-Bit Axe
14:56 Horse Collar
鼠條
11:17 Feudal Age
12:11 Double-Bit Axe
12:08 Horse Collar
14:43 Castle Age
16:33 Wheelbarrow
18:26 Light Cavalry
19:36 Bloodlines
23:58 Loom
27:30 Heavy Plow
27:48 Bow Saw
28:34 Hand Cart
28:58 Stone Mining
31:36 Stone Shaft Mining
Ancalagon14
1:50 Loom
6:29 Loom
8:32 Feudal Age
9:05 Double-Bit Axe
9:51 Fletching
16:44 Horse Collar
20:04 Wheelbarrow
20:03 Scale Mail Armor
20:56 Forging
24:51 Castle Age
24:42 Pikeman
25:23 Squires
25:42 Chain Mail Armor
31:20 Scale Barding Armor
33:54 Heavy Plow
35:51 Bow Saw
noru
11:14 Feudal Age
12:23 Double-Bit Axe
12:58 Loom
15:17 Castle Age
20:58 Bow Saw
20:30 Horse Collar
21:30 Sanctity
22:47 Wheelbarrow
23:13 Heavy Plow
24:06 Town Watch
26:48 Gold Mining
26:49 Stone Mining
28:06 Gold Shaft Mining
29:40 Hand Cart
32:03 Imperial Age
29:58 Fletching
30:29 Padded Archer Armor
30:52 Ballistics
30:56 Scale Barding Armor
31:01 Forging
31:49 Chain Barding Armor
32:54 Iron Casting
32:48 Kshatriyas
33:20 Conscription
32:39 Heavy Camel Rider
33:29 Bloodlines
33:20 Husbandry
35:05 Chemistry
34:37 Crop Rotation
34:55 Plate Barding Armor
36:08 Frontier Guards
頭鐵投石機
6:06 Loom
9:06 Feudal Age
11:48 Fletching
13:16 Horse Collar
14:57 Town Watch
16:59 Double-Bit Axe
25:25 Castle Age
24:00 Gold Mining
29:31 Imperial Age
27:24 Fortified Wall
29:01 Fervor
29:16 Sanctity
29:16 Stone Mining
30:43 Block Printing
32:01 Theocracy
32:50 Redemption
35:07 Pikeman
35:35 Arson
张横
11:19 Feudal Age
12:52 Double-Bit Axe
12:49 Horse Collar
15:37 Castle Age
16:48 Bow Saw
16:49 Loom
16:56 Gold Mining
18:18 Wheelbarrow
17:47 Fletching
24:44 Heavy Plow
29:33 Imperial Age
29:53 Scale Mail Armor
30:03 Forging
29:44 Pikeman
30:56 Squires
34:17 Conscription
35:44 Scale Barding Armor
36:15 Iron Casting
35:42 Husbandry
35:52 Bloodlines
36:13 Chain Mail Armor
Connection lost

Rejoining the realm…

Still unreachable

The connection could not be restored.

Session expired

The server has moved on; the page needs a fresh start.